[Event "SVK ECo-C Extraliga 2018-19"]
[Site "Slovakia"]
[Date "2019.04.13"]
[Round "10.2"]
[White "Miton, Kamil"]
[Black "Gazik, Viktor"]
[Result "1/2-1/2"]
[ECO "D71"]
[WhiteElo "2593"]
[BlackElo "2511"]
[Annotator "ChessBase"]
[PlyCount "118"]
[EventDate "2018.11.10"]
[EventType "team-tourn"]
[EventCountry "SVK"]
[SourceTitle "playchess.com"]
[Source "ChessBase"]
[SourceQuality "1"]
[WhiteTeam "Dunajov"]
[BlackTeam "Podhajska"]
[TimeControl "40/5400+30:1800+30"]

1. d4 Nf6 2. c4 g6 3. g3 c6 4. Bg2 d5 5. Qa4 Nbd7 6. cxd5 Nb6 7. Qb3 cxd5 8. Nc3 Bg7 9. Nf3 O-O 10. O-O Be6 11. a4 Ne4 12. Ng5 Nxg5 13. Bxg5 h6 14. Bc1 Qd7 15. a5 Nc4 16. e4 Rac8 17. exd5 Bf5 18. Re1 g5 19. Ra4 Qc7 20. a6 bxa6 21. Rxa6 Bxd4 22. Rxh6 Qc5 23. Rf1 Ne5 24. Bxg5 Ng4 25. Rh4 Nxf2 26. Rxd4 Nh3+ 27. Bxh3 Qxd4+ 28. Kg2 Rxc3 29. Qxc3 Qxd5+ 30. Rf3 Rc8 31. Bxf5 Rxc3 32. bxc3 e6 33. c4 Qa5 34. Bxe6 fxe6 35. Bf6 Qa2+ 36. Kh3 Qxc4 37. g4 Qe2 38. Kg3 e5 39. g5 e4 40. Rc3 e3 41. Rc8+ Kf7 42. Rc7+ Ke6 43. Re7+ Kd6 44. Re4 Qe1+ 45. Kf3 Qf2+ 46. Kg4 e2 47. Be5+ Kd7 48. Bg3 Qf1 49. Re5 Qd1 50. Kf5 Qd3+ 51. Kf6 Qf3+ 52. Kg7 a5 53. g6 a4 54. Kh7 a3 55. g7 Qf7 56. Kh8 a2 57. g8=Q Qxg8+ 58. Kxg8 a1=Q 59. Rxe2 Qf6 1/2-1/2

[Event "SVK ECo-C Extraliga 2018-19"]
[Site "Slovakia"]
[Date "2019.04.13"]
[Round "10.2"]
[White "Ponizil, Cyril"]
[Black "Jakab, Bela"]
[Result "1-0"]
[ECO "C50"]
[WhiteElo "2501"]
[BlackElo "2324"]
[Annotator "ChessBase"]
[PlyCount "95"]
[EventDate "2018.11.10"]
[EventType "team-tourn"]
[EventCountry "SVK"]
[SourceTitle "playchess.com"]
[Source "ChessBase"]
[SourceQuality "1"]
[WhiteTeam "Dubnica"]
[BlackTeam "Komarno"]
[TimeControl "40/5400+30:1800+30"]

1. e4 e5 2. Nf3 Nc6 3. Bc4 Bc5 4. O-O Nf6 5. d3 O-O 6. a4 a5 7. Nbd2 d6 8. c3 Ba7 9. Bb3 Ne7 10. Re1 Ng6 11. Nf1 c6 12. Ng3 Re8 13. h3 Be6 14. d4 h6 15. Bc2 Qc7 16. Be3 b5 17. Qd2 Rad8 18. Qc1 b4 19. Bd3 d5 20. dxe5 Bxe3 21. Qxe3 Nxe5 22. Nxe5 Qxe5 23. f4 d4 24. Qf3 Qc5 25. c4 Nd7 26. e5 Bxc4 27. Rac1 Bd5 28. Qg4 Qf8 29. Nf5 Re6 30. Nxd4 Nc5 31. Bc2 b3 32. Bb1 Ree8 33. f5 h5 34. Qxh5 Be4 35. Nf3 Bxf3 36. Qxf3 Rd5 37. Qg3 Nxa4 38. f6 Nxb2 39. Re4 g6 40. Rh4 Nd3 41. Bxd3 b2 42. Rf1 Qc5+ 43. Kh1 Rdxe5 44. Bxg6 Rg5 45. Rh8+ Kxh8 46. Qh4+ Rh5 47. Bxh5 Qb4 48. Bg4+ 1-0

[Event "SVK ECo-C Extraliga 2018-19"]
[Site "Slovakia"]
[Date "2019.04.13"]
[Round "10.2"]
[White "Vykouk, Jan"]
[Black "Neuman, Petr"]
[Result "1/2-1/2"]
[ECO "C65"]
[WhiteElo "2441"]
[BlackElo "2397"]
[Annotator "NA"]
[PlyCount "108"]
[EventDate "2018.11.10"]
[EventType "team-tourn"]
[EventCountry "SVK"]
[SourceTitle "playchess.com"]
[Source "ChessBase"]
[SourceQuality "1"]
[WhiteTeam "Osuske"]
[BlackTeam "Liptovska"]
[TimeControl "40/5400+30:1800+30"]

1. e4 e5 2. Nf3 Nc6 3. Bb5 Nf6 4. d3 d6 5. O-O Bd7 {[%emt 0:00:07] C66: Ruy Lopez: Steinitz Defence} 6. c4 g6 7. Nc3 Bg7 8. Nd5 Nb8 $146 ({Predecessor:} 8... a6 9. Ba4 Nxd5 10. cxd5 Ne7 11. Bg5 b5 12. Bb3 h6 13. Bxe7 Qxe7 {1-0 (42) Anand,V (2786)-Kramnik,V (2811) Zuerich 2017}) 9. Bxd7+ Nbxd7 10. Be3 O-O 11. Qb3 Qb8 12. Rac1 Ng4 13. Bg5 c6 14. h3 Nh6 15. Nc3 Nc5 16. Qa3 f6 17. Be3 Nxd3 18. Rcd1 Nc5 19. Bxc5 dxc5 20. Qxc5 Rf7 21. Rd3 Bf8 22. Qe3 Qe8 23. Rfd1 Rc7 24. c5 Nf7 25. Nd2 Rd8 26. Nc4 Rcd7 27. Rxd7 Rxd7 28. b4 Qd8 29. Rxd7 Qxd7 30. Qd2 Qxd2 31. Nxd2 Nd8 32. Nc4 Kf7 33. Kf1 Ke6 34. Ke2 Kd7 35. Kd3 Kc7 36. g3 Ne6 37. Ne2 b6 38. cxb6+ axb6 39. a3 b5 40. Ne3 Kd6 41. f4 exf4 $15 42. gxf4 c5 43. Nd5 f5 44. Nec3 Kc6 45. e5 cxb4 46. axb4 h6 47. h4 g5 48. fxg5 hxg5 49. hxg5 Nxg5 50. Ne3 Bxb4 51. Nxf5 Bxc3 52. Kxc3 Kd5 53. Kb4 Kxe5 54. Kxb5 Kxf5 1/2-1/2

[Event "SVK ECo-C Extraliga 2018-19"]
[Site "Slovakia"]
[Date "2019.04.13"]
[Round "10.2"]
[White "Petenyi, Tamas"]
[Black "Babula, Vlastimil"]
[Result "1/2-1/2"]
[ECO "B48"]
[WhiteElo "2418"]
[BlackElo "2549"]
[Annotator "ChessBase"]
[PlyCount "41"]
[EventDate "2018.11.10"]
[EventType "team-tourn"]
[EventCountry "SVK"]
[SourceTitle "playchess.com"]
[Source "ChessBase"]
[SourceQuality "1"]
[WhiteTeam "Streda"]
[BlackTeam "Snina"]
[TimeControl "40/5400+30:1800+30"]

1. e4 c5 2. Nf3 e6 3. d4 cxd4 4. Nxd4 Nc6 5. Nc3 Qc7 6. Be3 a6 7. Qd2 Nf6 8. f3 b5 9. O-O-O Be7 10. g4 Nxd4 11. Bxd4 Bb7 12. Kb1 O-O 13. h4 Rac8 14. Bd3 b4 15. Na4 d5 16. e5 Nd7 17. Qe3 Bc6 18. Nb6 Nxb6 19. Bxb6 Qb7 20. Bd4 Bb5 21. f4 1/2-1/2

[Event "SVK ECo-C Extraliga 2018-19"]
[Site "Slovakia"]
[Date "2019.04.13"]
[Round "10.3"]
[White "Mihok, Oliver"]
[Black "Antoniewski, Rafal"]
[Result "1/2-1/2"]
[ECO "B56"]
[WhiteElo "2548"]
[BlackElo "2500"]
[Annotator "ChessBase"]
[PlyCount "34"]
[EventDate "2018.11.10"]
[EventType "team-tourn"]
[EventCountry "SVK"]
[SourceTitle "playchess.com"]
[Source "ChessBase"]
[SourceQuality "1"]
[WhiteTeam "Podhajska"]
[BlackTeam "Dunajov"]
[TimeControl "40/5400+30:1800+30"]

1. e4 c5 2. Nf3 d6 3. d4 cxd4 4. Nxd4 Nf6 5. Nc3 Bd7 6. Bg5 e6 7. Qd2 a6 8. O-O-O h6 9. Bh4 Nxe4 10. Qf4 Ng5 11. Qe3 Be7 12. f4 Nh7 13. Bxe7 Qxe7 14. g4 Bc6 15. Rg1 Nd7 16. Bg2 Bxg2 17. Rxg2 g5 1/2-1/2

[Event "SVK ECo-C Extraliga 2018-19"]
[Site "Slovakia"]
[Date "2019.04.13"]
[Round "10.3"]
[White "Jurcik, Marian"]
[Black "Michalik, Peter"]
[Result "1/2-1/2"]
[ECO "C85"]
[WhiteElo "2494"]
[BlackElo "2577"]
[Annotator "ChessBase"]
[PlyCount "20"]
[EventDate "2018.11.10"]
[EventType "team-tourn"]
[EventCountry "SVK"]
[SourceTitle "playchess.com"]
[Source "ChessBase"]
[SourceQuality "1"]
[WhiteTeam "Zilina"]
[BlackTeam "Modra"]
[TimeControl "40/5400+30:1800+30"]

{[WhiteElo "2494"] [WhiteCountry ""] [WhiteFideId "14907518"] [BlackElo "2577"] [BlackCountry ""] [BlackFideId "14907526"]} 1. e4 e5 2. Nf3 Nc6 3. Bb5 a6 4. Ba4 Nf6 5. O-O Be7 6. Bxc6 dxc6 7. d3 Nd7 8. Nc3 O-O 9. Kh1 Bd6 10. Bg5 f6 1/2-1/2

[Event "SVK ECo-C Extraliga 2018-19"]
[Site "Slovakia"]
[Date "2019.04.13"]
[Round "10.3"]
[White "Leniart, Arkadiusz"]
[Black "Antal, Gergely"]
[Result "1/2-1/2"]
[ECO "C15"]
[WhiteElo "2486"]
[BlackElo "2552"]
[Annotator "ChessBase"]
[PlyCount "41"]
[EventDate "2018.11.10"]
[EventType "team-tourn"]
[EventCountry "SVK"]
[SourceTitle "playchess.com"]
[Source "ChessBase"]
[SourceQuality "1"]
[WhiteTeam "Prakovce"]
[BlackTeam "Slovan"]
[TimeControl "40/5400+30:1800+30"]

1. e4 e6 2. d4 d5 3. Nc3 Bb4 4. Qd3 dxe4 5. Qxe4 Nc6 6. Bb5 Nge7 7. Nge2 a6 8. Bxc6+ Nxc6 9. Bf4 Bxc3+ 10. Nxc3 Qxd4 11. Qxd4 Nxd4 12. O-O-O Nb5 13. Nxb5 axb5 14. Bxc7 Bd7 15. a3 Bc6 16. f3 f6 17. Bd6 Kf7 18. b3 Rac8 19. Kb2 Rhd8 20. Bb4 g5 21. Ba5 1/2-1/2

[Event "SVK ECo-C Extraliga 2018-19"]
[Site "Slovakia"]
[Date "2019.04.13"]
[Round "10.3"]
[White "Hrabusa, Matej"]
[Black "Jablonicky, Martin"]
[Result "0-1"]
[ECO "A48"]
[WhiteElo "2406"]
[BlackElo "2322"]
[Annotator "NA"]
[PlyCount "100"]
[EventDate "2018.11.10"]
[EventType "team-tourn"]
[EventCountry "SVK"]
[SourceTitle "playchess.com"]
[Source "ChessBase"]
[SourceQuality "1"]
[WhiteTeam "Liptovska"]
[BlackTeam "Osuske"]
[TimeControl "40/5400+30:1800+30"]

1. d4 Nf6 2. Nf3 g6 3. c4 Bg7 4. e3 O-O 5. Be2 b6 6. O-O Bb7 7. Nc3 d6 8. Qc2 {[%emt 0:02:07] E61: King's Indian: Early deviations for White, including Smyslov System} (8. b4 e5 9. dxe5 Nfd7 10. Bb2 Nxe5 11. Nxe5 Bxe5 12. Bf3 Bxf3 13. Qxf3 Na6 14. a3 Qh4 15. g3 Qxc4 {0-1 (64) Sargissian,G (2672)-Rapport,R (2707) Riadh 2017}) 8... Nbd7 9. Rd1 e6 10. Rb1 $146 ({Predecessor:} 10. e4 Ne8 11. Bg5 f6 12. Be3 Qc8 13. Qd2 a6 14. a4 f5 15. exf5 exf5 {½-½ (71) Shirokov,I (1000)-Shepelev,A (1548) St Petersburg 2018}) 10... Qe7 11. b4 e5 12. c5 exd4 13. cxd6 cxd6 14. Nxd4 Ne5 15. h3 Rac8 16. Qb3 Ne4 17. Nxe4 Bxe4 18. Rb2 Qg5 19. f3 (19. g3 $17 {was necessary.}) 19... Bd5 20. Qa3 (20. Qxd5 $11 Rxc1 21. Rb3 Rxd1+ 22. Bxd1) 20... Nc4 21. Bxc4 $1 Rxc4 22. Rf2 Rfc8 23. Ne2 $11 Be6 24. e4 Qb5 25. Qe3 Qxb4 26. Ba3 Qa4 27. Rxd6 b5 28. Rd2 Rc2 29. Rxc2 Rxc2 30. Qd3 h6 31. Be7 Kh7 32. Kh2 Bc4 33. Qe3 Qxa2 34. Nc1 Qb1 35. Rxc2 Qxc2 36. Bb4 g5 37. Qc5 Bf6 38. Qf5+ Kg7 39. Bf8+ Kxf8 40. Qxf6 Qxc1 41. Qh8+ Ke7 42. Qe5+ Be6 43. Qxb5 Qc7+ 44. Kh1 Kf6 45. Qb2+ Qe5 46. Qa3 a5 47. Qf8 Kg6 48. Qg8+ Qg7 49. Qa8 Qa1+ 50. Kh2 Kg7 0-1

[Event "SVK ECo-C Extraliga 2018-19"]
[Site "Slovakia"]
[Date "2019.04.13"]
[Round "10.3"]
[White "Cibickova, Zuzana"]
[Black "Roubalik, Jakub"]
[Result "1/2-1/2"]
[ECO "C44"]
[WhiteElo "2239"]
[BlackElo "2417"]
[Annotator "NA"]
[PlyCount "49"]
[EventDate "2018.11.10"]
[EventType "team-tourn"]
[EventCountry "SVK"]
[SourceTitle "playchess.com"]
[Source "ChessBase"]
[SourceQuality "1"]
[WhiteTeam "Komarno"]
[BlackTeam "Dubnica"]
[TimeControl "40/5400+30:1800+30"]

1. e4 e5 2. Nf3 Nc6 3. d4 exd4 4. Nxd4 Nf6 5. Nxc6 bxc6 6. Bd3 d5 7. exd5 cxd5 8. O-O Be7 9. Nd2 {[%emt 0:01:18] C45: Scotch Game} (9. c4 O-O 10. cxd5 Bb7 11. Bc4 Bxd5 12. Bxd5 Nxd5 13. Nd2 c6 14. Re1 Rb8 15. Ne4 f5 16. Ng3 f4 17. Ne4 f3 18. gxf3 {½-½ (54) Fedoseev,V (2707)-Jakovenko,D (2748) Satka 2018}) 9... O-O 10. b3 c5 11. Bb2 Bb7 12. Re1 $146 ({Predecessor:} 12. c4 d4 13. Re1 Bd6 14. Ne4 Nxe4 15. Bxe4 Bxh2+ 16. Kxh2 Qh4+ 17. Kg1 Bxe4 18. b4 Rab8 19. Qe2 Bc6 20. bxc5 d3 21. Qe5 Qg4 22. g3 Rxb2 23. Qxb2 Qf3 {0-1 (23) Matthes,B (1750)-Lukasiewicz,K (2247) Gorzow Wielkopolski 2018}) 12... d4 13. Be2 Qc7 14. Bf3 Nd5 15. Nc4 Bf6 16. Be4 Rae8 17. Qh5 (17. Qf3 $5 Rxe4 18. Rxe4 $11) 17... Rxe4 18. Rxe4 Nf4 19. Qf5 Bxe4 20. Qxe4 g6 21. Re1 Ne6 $11 22. Bc1 Rd8 23. Bd2 Qd7 24. Qd3 Qd5 25. h3 1/2-1/2

[Event "SVK ECo-C Extraliga 2018-19"]
[Site "Slovakia"]
[Date "2019.04.13"]
[Round "10.4"]
[White "Ftacnik, Lubomir"]
[Black "Druska, Juraj"]
[Result "1-0"]
[ECO "A06"]
[WhiteElo "2516"]
[BlackElo "2455"]
[Annotator "ChessBase"]
[PlyCount "45"]
[EventDate "2018.11.10"]
[EventType "team-tourn"]
[EventCountry "SVK"]
[SourceTitle "playchess.com"]
[Source "ChessBase"]
[SourceQuality "1"]
[WhiteTeam "Slovan"]
[BlackTeam "Prakovce"]
[TimeControl "40/5400+30:1800+30"]

1. Nf3 d5 2. d4 e6 3. c4 a6 4. cxd5 exd5 5. Nc3 Nf6 6. Bf4 Bd6 7. Bg3 O-O 8. e3 c6 9. Qc2 Bg4 10. Ne5 Bh5 11. Rc1 Re8 12. Bd3 Bg6 13. Nxg6 Bxg3 14. hxg3 hxg6 15. Rh3 c5 16. dxc5 d4 17. Ne4 dxe3 18. Nd6 exf2+ 19. Kxf2 Qe7 20. Kg1 Qe3+ 21. Kh1 Nc6 22. g4 Qg5 23. Rh8+ 1-0

[Event "SVK ECo-C Extraliga 2018-19"]
[Site "Slovakia"]
[Date "2019.04.13"]
[Round "10.4"]
[White "Bokros, Albert"]
[Black "Kriebel, Tadeas"]
[Result "0-1"]
[ECO "C90"]
[WhiteElo "2466"]
[BlackElo "2514"]
[Annotator "ChessBase"]
[PlyCount "84"]
[EventDate "2018.11.10"]
[EventType "team-tourn"]
[EventCountry "SVK"]
[SourceTitle "playchess.com"]
[Source "ChessBase"]
[SourceQuality "1"]
[WhiteTeam "Streda"]
[BlackTeam "Snina"]
[TimeControl "40/5400+30:1800+30"]

1. e4 e5 2. Nf3 Nc6 3. Bb5 a6 4. Ba4 Nf6 5. d3 d6 6. c3 Be7 7. O-O O-O 8. Re1 b5 9. Bb3 Na5 10. Bc2 c5 11. Nbd2 Re8 12. Nf1 Bf8 13. Ng3 g6 14. h3 Bb7 15. d4 exd4 16. cxd4 cxd4 17. Bf4 Bg7 18. Nxd4 Nc4 19. b3 Na3 20. Bd3 Nh5 21. Nxh5 Bxd4 22. Qg4 Bc8 23. Qg3 Be5 24. Rad1 Qe7 25. Qf3 gxh5 26. Bc1 b4 27. Qxh5 f6 28. f4 Bd4+ 29. Kh1 Be6 30. e5 dxe5 31. fxe5 Bxe5 32. Rxe5 fxe5 33. Bg5 Qf7 34. Qh4 Bf5 35. Rf1 e4 36. Be2 Qe6 37. Bf6 Bg6 38. Qh6 Ra7 39. Bb2 Rf7 40. Rd1 e3 41. Rd4 Qf5 42. Rxb4 Qb1+ 0-1

[Event "SVK ECo-C Extraliga 2018-19"]
[Site "Slovakia"]
[Date "2019.04.13"]
[Round "10.4"]
[White "Rigo, Zsolt"]
[Black "Nayhebaver, Martin"]
[Result "1/2-1/2"]
[ECO "B53"]
[WhiteElo "2396"]
[BlackElo "2464"]
[Annotator "ChessBase"]
[PlyCount "46"]
[EventDate "2018.11.10"]
[EventType "team-tourn"]
[EventCountry "SVK"]
[SourceTitle "playchess.com"]
[Source "ChessBase"]
[SourceQuality "1"]
[WhiteTeam "Modra"]
[BlackTeam "Zilina"]
[TimeControl "40/5400+30:1800+30"]

{[WhiteElo "2396"] [WhiteCountry ""] [WhiteFideId "14903172"] [BlackElo "2464"] [BlackCountry ""] [BlackFideId "14923432"]} 1. e4 c5 2. Nf3 d6 3. d4 cxd4 4. Qxd4 Nf6 5. Bb5+ Bd7 6. c4 g6 7. Nc3 Bg7 8. O-O O-O 9. Qd3 a6 10. Bxd7 Nbxd7 11. Bd2 Rc8 12. Rac1 Re8 13. b3 Qa5 14. Rfe1 Qa3 15. h3 Nc5 16. Qc2 Ne6 17. Nd5 Nxd5 18. exd5 Nc7 19. Qd3 Qxa2 20. Rc2 Qa3 21. Bc1 Qb4 22. Bd2 Qa3 23. Bc1 Qb4 1/2-1/2

[Event "SVK ECo-C Extraliga 2018-19"]
[Site "Slovakia"]
[Date "2019.04.13"]
[Round "10.4"]
[White "Motuz, Karol"]
[Black "Molnar, Erno"]
[Result "1/2-1/2"]
[ECO "A05"]
[WhiteElo "2375"]
[BlackElo "2194"]
[Annotator "NA"]
[PlyCount "41"]
[EventDate "2018.11.10"]
[EventType "team-tourn"]
[EventCountry "SVK"]
[SourceTitle "playchess.com"]
[Source "ChessBase"]
[SourceQuality "1"]
[WhiteTeam "Dubnica"]
[BlackTeam "Komarno"]
[TimeControl "40/5400+30:1800+30"]

1. Nf3 Nf6 2. c4 g6 3. d4 Bg7 4. g3 d5 5. cxd5 Nxd5 6. Bg2 Nb6 7. Nc3 Nc6 8. e3 O-O 9. O-O e5 10. d5 Nb4 11. e4 c6 12. a3 Na6 13. dxc6 bxc6 14. Qc2 Nc5 15. Rd1 Qc7 16. Be3 Ne6 17. Na4 $11 Nxa4 18. Qxa4 c5 19. Rac1 Bb7 20. Bh3 Nd4 21. Bxd4 1/2-1/2

[Event "SVK ECo-C Extraliga 2018-19"]
[Site "Slovakia"]
[Date "2019.04.13"]
[Round "10.5"]
[White "Mrva, Martin"]
[Black "Varga, Zoltan"]
[Result "0-1"]
[ECO "B03"]
[WhiteElo "2416"]
[BlackElo "2451"]
[Annotator "ChessBase"]
[PlyCount "82"]
[EventDate "2018.11.10"]
[EventType "team-tourn"]
[EventCountry "SVK"]
[SourceTitle "playchess.com"]
[Source "ChessBase"]
[SourceQuality "1"]
[WhiteTeam "Snina"]
[BlackTeam "Streda"]
[TimeControl "40/5400+30:1800+30"]

1. e4 Nf6 2. e5 Nd5 3. d4 d6 4. c4 Nb6 5. exd6 cxd6 6. d5 e5 7. Nc3 Be7 8. Nf3 O-O 9. Be2 Bg4 10. b3 Bxf3 11. Bxf3 f5 12. g3 e4 13. Bg2 Bf6 14. Bd2 N8d7 15. O-O Nc5 16. Qc2 Rc8 17. Rad1 Re8 18. Ne2 Nbd7 19. Bf4 Ne5 20. Nd4 g6 21. Kh1 Ned3 22. Be3 a6 23. Qb1 Ne5 24. Rd2 Qd7 25. Qd1 h5 26. Re2 b5 27. cxb5 axb5 28. Rc2 Ncd3 29. Nc6 Nxc6 30. dxc6 Qe6 31. Qd2 d5 32. c7 b4 33. Rd1 Re7 34. Bf1 Bc3 35. Rxc3 bxc3 36. Qxc3 Rexc7 37. Qa1 Rc2 38. Kg1 Nxf2 39. Bxf2 e3 40. Bg2 exf2+ 41. Kh1 Rc1 0-1

[Event "SVK ECo-C Extraliga 2018-19"]
[Site "Slovakia"]
[Date "2019.04.13"]
[Round "10.5"]
[White "Manik, Mikulas"]
[Black "Pacher, Milan"]
[Result "1/2-1/2"]
[ECO "C67"]
[WhiteElo "2393"]
[BlackElo "2391"]
[Annotator "NA"]
[PlyCount "47"]
[EventDate "2018.11.10"]
[EventType "team-tourn"]
[EventCountry "SVK"]
[SourceTitle "playchess.com"]
[Source "ChessBase"]
[SourceQuality "1"]
[WhiteTeam "Prakovce"]
[BlackTeam "Slovan"]
[TimeControl "40/5400+30:1800+30"]

1. e4 e5 2. Nf3 Nc6 3. Bb5 Nf6 4. O-O Nxe4 5. Re1 Nd6 6. Nxe5 Be7 7. Bf1 Nxe5 8. Rxe5 O-O 9. d4 Bf6 10. Re1 Re8 {[%emt 0:00:28] C67: Ruy Lopez: Berlin Defence: 4 0-0 Nxe4} 11. c3 Rxe1 12. Qxe1 Ne8 13. Bf4 d5 14. Bd3 g6 15. Nd2 Ng7 16. Qe2 c6 17. Re1 Bf5 18. Bxf5 Nxf5 {[%emt 0:00:03] [#]} 19. Nf3 $146 Ng7 20. Be5 Ne6 21. a4 a5 22. h3 Kg7 23. Kf1 h5 $11 24. Bxf6+ 1/2-1/2

[Event "SVK ECo-C Extraliga 2018-19"]
[Site "Slovakia"]
[Date "2019.04.13"]
[Round "10.5"]
[White "Hausner, Ivan"]
[Black "Istona, Martin"]
[Result "1-0"]
[ECO "A37"]
[WhiteElo "2349"]
[BlackElo "2269"]
[Annotator "NA"]
[PlyCount "125"]
[EventDate "2018.11.10"]
[EventType "team-tourn"]
[EventCountry "SVK"]
[SourceTitle "playchess.com"]
[Source "ChessBase"]
[SourceQuality "1"]
[WhiteTeam "Liptovska"]
[BlackTeam "Osuske"]
[TimeControl "40/5400+30:1800+30"]

1. c4 c5 2. Nf3 g6 3. g3 Bg7 4. Bg2 Nc6 5. Nc3 e6 6. e3 Nge7 7. d4 cxd4 8. Nxd4 d5 9. cxd5 Nxd5 {[%emt 0:00:13] A36: Symmetrical English vs ...g6: 4 Bg2 Bg7} (9... Nxd4 10. exd4 Nxd5 11. Nxd5 exd5 12. O-O O-O {½-½ (12) Lupulescu,C (2657)-Leko,P (2720) Porto Carras 2011} 13. Qb3 Qb6 14. Bxd5 Qxb3 15. axb3 Rd8 16. Re1 Bg4 17. Bxb7 Rab8 18. Bg2 Bxd4 19. Bg5 Re8 20. Bd5 Be6 21. Bf4 {½-½ (36) Berg,K (2347)-Krause,B (2407) Germany 2017}) 10. Nxd5 exd5 11. Ne2 $146 ({Predecessor:} 11. O-O Nxd4 {½-½ (36) Berg,K (2347)-Krause,B (2407) Germany 2017}) 11... d4 12. exd4 Nxd4 13. Nxd4 Qxd4 14. Qxd4 Bxd4 15. O-O O-O 16. Rd1 Bg7 17. Be3 Be6 18. a4 a5 19. Bd5 Bxd5 20. Rxd5 Bxb2 21. Rb1 Bc3 22. Rxb7 Rfb8 23. Rc7 Rc8 24. Rcd7 Kg7 25. Rb5 $14 Rab8 26. Ra7 h5 27. Kg2 Ra8 28. Rab7 Bf6 29. Ba7 Bc3 30. Rd5 Rd8 31. Rdb5 Rdc8 32. Rb3 Kg8 33. Rd7 Bb4 34. Rf3 Rf8 35. Be3 Rad8 36. Rfxf7 Rxf7 37. Rxd8+ Rf8 38. Rxf8+ Kxf8 39. Kf3 Kf7 40. Ke4 Ke6 41. Bf4 Be1 42. f3 Bb4 43. Be5 Be1 44. h3 Bb4 45. g4 hxg4 46. hxg4 Be1 47. f4 Bb4 48. f5+ gxf5+ 49. gxf5+ Kd7 50. Kd5 Be7 51. Bc3 Bd8 52. Kc5 Kc8 53. Kb5 Kb7 54. Bxa5 Bf6 55. Bb4 Kc7 56. Kc5 Kb7 57. Kd6 Ka6 58. Ke6 Bb2 59. Bd6 Ka5 60. Be5 Bc1 61. f6 Kxa4 62. f7 Bh6 63. Bd6 1-0

[Event "SVK ECo-C Extraliga 2018-19"]
[Site "Slovakia"]
[Date "2019.04.13"]
[Round "10.5"]
[White "Kostelny, Jozef"]
[Black "Stohl, Igor"]
[Result "1/2-1/2"]
[ECO "E45"]
[WhiteElo "2220"]
[BlackElo "2489"]
[Annotator "ChessBase"]
[PlyCount "49"]
[EventDate "2018.11.10"]
[EventType "team-tourn"]
[EventCountry "SVK"]
[SourceTitle "playchess.com"]
[Source "ChessBase"]
[SourceQuality "1"]
[WhiteTeam "Zilina"]
[BlackTeam "Modra"]
[TimeControl "40/5400+30:1800+30"]

{[%evp 0,3,30,30,32,0] [WhiteElo "2220"] [WhiteCountry ""] [WhiteFideId "14903458"] [BlackElo "2489"] [BlackCountry ""] [BlackFideId "14900025"]} 1. d4 Nf6 2. c4 e6 3. Nc3 Bb4 4. e3 b6 5. Nge2 Ba6 6. a3 Be7 7. Nf4 d5 8. b3 O-O 9. Bd3 dxc4 10. bxc4 Nc6 11. O-O Na5 12. Qa4 c5 13. Rd1 cxd4 14. exd4 Bxc4 15. Bxc4 Qc8 16. Ncd5 exd5 17. Bxd5 Nxd5 18. Nxd5 Bd6 19. Bf4 Qc4 20. Qxc4 Nxc4 21. Bxd6 Nxd6 22. Rac1 Rfd8 23. Ne7+ Kf8 24. Nc6 Re8 25. Kf1 1/2-1/2

[Event "SVK ECo-C Extraliga 2018-19"]
[Site "Slovakia"]
[Date "2019.04.13"]
[Round "10.5"]
[White "Szegi, Tamas"]
[Black "Piesik, Piotr"]
[Result "0-1"]
[ECO "B90"]
[WhiteElo "2195"]
[BlackElo "2420"]
[Annotator "NA"]
[PlyCount "72"]
[EventDate "2018.11.10"]
[EventType "team-tourn"]
[EventCountry "SVK"]
[SourceTitle "playchess.com"]
[Source "ChessBase"]
[SourceQuality "1"]
[WhiteTeam "Komarno"]
[BlackTeam "Dubnica"]
[TimeControl "40/5400+30:1800+30"]

1. e4 c5 2. Nf3 d6 3. d4 cxd4 4. Nxd4 Nf6 5. Nc3 a6 6. Be3 e5 7. Nde2 {[%emt 0:00:42] B90: Sicilian Najdorf: Unusual White 6th moves, 6 Be3 Ng4 and 6 Be3 e5} (7. Nf3 Qc7 8. a4 Be7 9. Be2 O-O 10. O-O h6 11. a5 Be6 12. Nd5 Nxd5 13. exd5 Bf5 14. c4 Nd7 15. b4 Rac8 16. Rc1 Bh7 17. Nd2 f5 18. f3 Bg5 19. Qb3 Kh8 {½-½ (41) Anand,V (2773)-Korobov,A (2698) St Petersburg 2018}) 7... Be7 8. Qd2 Ng4 9. Nd5 $146 ({Predecessor:} 9. O-O-O Be6 10. Kb1 O-O 11. f4 Nxe3 12. Qxe3 Nc6 13. f5 Bc4 14. Ng3 b5 {1-0 (27) Kargin,A (2386)-Guerrero Sierra,J (2196) Moscow 2008}) 9... Nxe3 10. fxe3 Bg5 11. O-O-O O-O 12. Ng1 (12. g3 $14) 12... Nd7 13. Nf3 Bh6 14. Kb1 Nc5 15. Nc3 Be6 16. Qxd6 Qxd6 17. Rxd6 Rfd8 18. Rxd8+ Rxd8 19. Be2 $11 f6 20. b4 Nd7 21. Rd1 Bxe3 22. Nd5 Ba7 23. Nc7 Bf7 24. b5 a5 25. Nxe5 fxe5 26. Bg4 Bb6 27. Ne6 Re8 28. Nxg7 Kxg7 29. Rxd7 Bc5 30. Rxb7 Re7 31. Rxe7 Bxe7 32. Bf5 Bc5 33. a4 h6 34. g4 Kf6 35. h4 Bf2 36. h5 Bc4 0-1

[Event "SVK ECo-C Extraliga 2018-19"]
[Site "Slovakia"]
[Date "2019.04.13"]
[Round "10.6"]
[White "Bagi, Mate"]
[Black "Krak, Tomas"]
[Result "1-0"]
[ECO "B38"]
[WhiteElo "2452"]
[BlackElo "2275"]
[Annotator "ChessBase"]
[PlyCount "86"]
[EventDate "2018.11.10"]
[EventType "team-tourn"]
[EventCountry "SVK"]
[SourceTitle "playchess.com"]
[Source "ChessBase"]
[SourceQuality "1"]
[WhiteTeam "Streda"]
[BlackTeam "Snina"]
[TimeControl "40/5400+30:1800+30"]

1. e4 c5 2. Nf3 Nc6 3. d4 cxd4 4. Nxd4 g6 5. c4 Bg7 6. Be3 d6 7. Nc3 Qb6 8. Nb3 Bxc3+ 9. bxc3 Qc7 10. c5 dxc5 11. Nxc5 Nf6 12. f3 b6 13. Nb3 O-O 14. Be2 Ne5 15. O-O Be6 16. Bd4 Nc4 17. Qc1 a5 18. Qh6 a4 19. Nc1 Na3 20. Nd3 Ra5 21. f4 Nc2 22. Rac1 Nxd4 23. cxd4 Qd8 24. d5 Bg4 25. Bxg4 Nxg4 26. Qh3 f5 27. Nb4 Rc5 28. Nc6 Qc7 29. Rxc5 bxc5 30. e5 c4 31. Qc3 Qb6+ 32. Nd4 Rd8 33. h3 Rxd5 34. Rd1 Nh6 35. Qxc4 e6 36. Qxa4 Kf7 37. Kh2 Ng8 38. Nf3 Rxd1 39. Qxd1 Ne7 40. Ng5+ Ke8 41. Qa4+ Kd8 42. Nxh7 Nd5 43. Nf6 Qa7 1-0

[Event "SVK ECo-C Extraliga 2018-19"]
[Site "Slovakia"]
[Date "2019.04.13"]
[Round "10.6"]
[White "Bures, Jaroslav"]
[Black "Mikrut, Dariusz"]
[Result "1/2-1/2"]
[ECO "C77"]
[WhiteElo "2384"]
[BlackElo "2375"]
[Annotator "ChessBase"]
[PlyCount "36"]
[EventDate "2018.11.10"]
[EventType "team-tourn"]
[EventCountry "SVK"]
[SourceTitle "playchess.com"]
[Source "ChessBase"]
[SourceQuality "1"]
[WhiteTeam "Slovan"]
[BlackTeam "Prakovce"]
[TimeControl "40/5400+30:1800+30"]

1. e4 e5 2. Nf3 Nc6 3. Bb5 a6 4. Ba4 Nf6 5. Qe2 b5 6. Bb3 Be7 7. Nc3 d6 8. a4 Bg4 9. axb5 Nd4 10. Qc4 Be6 11. Nd5 Bxd5 12. exd5 axb5 13. Rxa8 Qxa8 14. Qd3 Nxb3 15. Qxb5+ c6 16. Qxb3 Nxd5 17. d3 O-O 18. c3 Qa6 1/2-1/2